Map: Ultralove

Players

iPlayDefense - Winner!

  • Race: Terran Terran
  • League: Silver
  • Spawn Location: 1:00

VOD

Have the link to the VOD?

Description

Time

  • Played on: April 16, 2025, 6:36 p.m.
  • Length: 20:39
Show
View Real Time Build Order
Export as new Build Order

iPlayDefense Terran - Winner!

Build Orders:  

Get SALT Encoding   

  12  0:00  SCV  
  13  0:17  SCV  
  14  0:26  Supply Depot  
  14  0:34  SCV  
  15  0:56  SCV  
  16  1:04  Refinery  
  16  1:13  SCV  
  16  1:14  Barracks  
  17  1:30  SCV  
  18  1:46  Supply Depot  
  18  2:23  Orbital Command  
  18  2:25  Barracks Reactor  
  18  2:36  Command Center  
  18  3:09  SCV  
  19  3:18  Marine x2  
  21  3:26  SCV  
  22  3:35  Refinery  
  22  3:42  SCV, Marine  
  22  3:43  Marine  
  25  3:59  SCV  
  26  4:19  Orbital Command  
  26  4:24  Marine x2  
  28  4:45  Barracks  
  28  4:46  Barracks  
  28  4:49  Marine x2  
  30  4:52  SCV, Factory  
  31  5:09  SCV  
  32  5:14  Supply Depot, Marine x2  
  34  5:26  SCV  
  35  5:39  Marine x2  
  37  5:43  SCV  
  38  6:12  Barracks Tech Lab x2  
  38  6:13  Factory Tech Lab  
  38  6:25  SCV x2  
  38  6:29  Marine  
  41  6:30  Marine  
  42  6:42  SCV x2  
  44  6:54  Marine  
  44  6:55  Marine  
  46  7:02  Bunker  
  46  7:23  Starport  
  46  7:32  SCV x2  
  46  7:35  Marine x2, Marauder x2  
  54  7:54  Supply Depot  
  54  7:58  Supply Depot  
  54  8:24  Siege Tank, SCV x2  
  59  8:32  Starport Tech Lab  
  59  8:34  Starport Reactor  
  59  8:56  SCV x2, Barracks x2  
  59  8:58  Marine x3  
  59  8:59  Marine  
  65  9:09  Siege Tank  
  68  9:13  SCV x2  
  68  9:17  Supply Depot  
  68  9:19  Supply Depot, Stimpack  
  69  9:41  Marauder x2  
  69  9:48  Unknown  
  66  9:51  Supply Depot  
  66  9:54  Supply Depot, Siege Tank  
  66  9:59  Engineering Bay  
  67  10:07  Refinery  
  67  10:12  SCV  
  67  10:13  SCV, Refinery  
  67  10:15  Marine x4  
  73  10:20  Medivac  
  73  10:21  Medivac  
  73  10:29  SCV  
  64  10:30  SCV  
  78  10:32  Supply Depot  
  78  10:35  Supply Depot  
  78  10:39  Siege Tank  
  82  10:40  Marauder x2  
  78  11:15  SCV  
  78  11:16  SCV  
  78  11:19  Marine x3  
  69  11:20  Marine  
  83  11:24  Siege Tank  
  83  11:28  Viking  
  89  11:32  SCV x2  
  91  11:44  Marauder x2  
  95  12:06  Command Center  
  95  12:09  Siege Tank  
  98  12:18  SCV x2  
  100  12:20  Marine x2  
  100  12:21  Marine x2  
  100  12:26  Medivac  
  106  12:35  SCV x2  
  108  12:45  Marauder  
  108  12:46  Marauder  
  108  12:48  Supply Depot  
  112  12:50  Supply Depot  
  112  12:54  Siege Tank  
  112  12:55  Terran Infantry Weapons Level 1  
  115  13:35  SCV x2  
  115  13:39  Siege Tank  
  120  13:40  Marine x2  
  120  13:41  Marine x2  
  120  13:49  Medivac x2  
  128  13:52  SCV x2  
  128  13:53  Orbital Command  
  130  14:05  Marauder  
  130  14:06  Marauder  
  130  14:09  SCV x2  
  130  14:24  Siege Tank  
  125  15:09  Siege Tank  
  105  15:35  Terran Infantry Armor Level 1  
  105  15:48  SCV x3  
  108  15:50  Marine x3  
  108  15:51  Marine  
  108  15:54  Siege Tank  
  115  16:00  Medivac x2  
  115  16:05  SCV x3  
  115  16:06  Barracks Reactor  
  122  16:13  Marine  
  122  16:15  Marine x2, Marauder  
  122  16:16  Marauder  
  129  16:38  Siege Tank x4, Marine  
  129  16:39  Siege Tank  
  133  16:42  Medivac x2  
  137  17:24  Siege Tank  
  140  17:39  Siege Tank x3  
  140  18:09  Siege Tank  
  143  18:14  Siege Tank  
Tags
 
League
Silver
Matchup
Co-op
Replay Pack
DaveSC2
Add a new tag
Caveats
  • Supply blocks, unpowered buildings, or Contaminate may cause inaccurate times.
  • Supply counts are checked every 10 seconds.